AoeStats
← Shadov

Arena

510898543Analyzed
4v4 RM · 7h ago on Oct 3, 2026· 50m 49s· 8 players
Game mode
Random Map
Map size
Large (8 player)
Population
200
Speed
Normal
Resources
Standard
Victory
Conquest
Starting age
Dark Age
Ending age
Imperial Age
RankedLock teamsTeams togetherTeam positionsShared explorationLock speedFull tech treeHidden civsTurbo modeCheats
Victory
Defeat
🇨🇦 Turks · Canada
795
+8
🇨🇦 Britons · Canada
685
+12
🇨🇦 Spanish · Canada
653
+14
🇨🇦 Japanese · Canada
632
+15
🇺🇸 Saxons · United States
682
-15
🇨🇱 Khmer · Chile
589
-12
🇨🇳 Teutons · China
585
-11
🇺🇸 Hindustanis · United States
569
-11
Pugilist7307
11:11 Feudal Age
17:13 Castle Age
15:19 Double-Bit Axe
15:48 Horse Collar
17:40 Pikeman
18:40 Husbandry
25:45 Wheelbarrow
27:02 Elite Skirmisher
29:03 Fletching
31:20 Town Watch
34:07 Imperial Age
32:16 Scale Barding Armor
33:00 Thumb Ring
33:28 Caravan
35:38 Bloodlines
37:01 Chemistry
38:53 Heavy Camel Rider
38:55 Light Cavalry
41:38 Bodkin Arrow
43:16 Chain Barding Armor
46:26 Plate Barding Armor
46:02 Forging
46:49 Murder Holes
48:07 Conscription
eric.ashmore
8:45 Feudal Age
10:00 Wheelbarrow
9:14 Double-Bit Axe
9:45 Horse Collar
22:44 Castle Age
21:00 Stone Mining
22:37 Gold Mining
35:19 Gold Shaft Mining
42:45 Imperial Age
42:40 Hand Cart
43:36 Hand Cart
45:16 Forging
45:07 Scale Mail Armor
45:12 Fletching
45:22 Padded Archer Armor
46:00 Heavy Plow
48:44 Bow Saw
AK
0:28 Loom
14:17 Feudal Age
15:48 Wheelbarrow
14:57 Horse Collar
15:05 Double-Bit Axe
15:12 Gold Mining
15:46 Arson
15:58 Stone Mining
20:07 Forging
19:57 Scale Mail Armor
22:43 Castle Age
21:15 Scale Mail Armor
21:25 Forging
21:56 Forging
24:18 Stone Shaft Mining
24:24 Iron Casting
24:04 Chain Mail Armor
25:22 Hand Cart
25:31 Heavy Plow
30:42 Squires
30:28 Gambesons
30:44 Gambesons
33:03 Bow Saw
6X_Kanna_X6
0:56 Loom
13:06 Feudal Age
21:10 Castle Age
20:42 Stone Mining
21:42 Forging
21:32 Scale Mail Armor
21:37 Scale Barding Armor
23:22 Double-Bit Axe
25:20 Guard Tower
25:40 Fortified Wall
27:08 Wheelbarrow
31:56 Horse Collar
33:58 Masonry
33:15 Light Cavalry
36:38 Padded Archer Armor
36:29 Fletching
36:39 Gold Mining
37:20 Pikeman
39:36 Hand Cart
43:13 Town Watch
49:23 Arson
50:12 Scale Mail Armor
50:17 Scale Barding Armor
Idontcare
12:06 Feudal Age
10:42 Loom
14:23 Double-Bit Axe
17:49 Castle Age
15:58 Horse Collar
16:10 Gold Mining
18:29 Wheelbarrow
18:51 Bow Saw
21:02 Padded Archer Armor
22:27 Fletching
22:52 Leather Archer Armor
23:10 Leather Archer Armor
30:02 Imperial Age
30:17 Heavy Plow
33:39 Conscription
35:39 Elite Janissary
42:47 Bloodlines
42:37 Husbandry
43:32 Hand Cart
43:56 Caravan
44:35 Bodkin Arrow
45:29 Gold Shaft Mining
44:44 Stone Mining
47:59 Bracer
48:29 Ring Archer Armor
wild bill_1234
12:27 Feudal Age
17:55 Castle Age
19:55 Double-Bit Axe
19:53 Horse Collar
20:22 Pikeman
20:57 Fletching
21:07 Padded Archer Armor
21:11 Heavy Plow
23:43 Wheelbarrow
23:48 Bow Saw
24:46 Bodkin Arrow
25:07 Leather Archer Armor
27:18 Gold Mining
27:51 Hand Cart
31:16 Imperial Age
29:21 Murder Holes
32:27 Elite Longbowman
33:56 Hoardings
33:42 Conscription
33:59 Leather Archer Armor
34:42 Gold Shaft Mining
35:14 Two-Man Saw
34:11 Arrowslits
34:49 Ballistics
37:42 Chemistry
37:04 Bracer
41:58 Hand Cart
42:18 Ring Archer Armor
47:01 Masonry
kaipulla
5:57 Loom
13:03 Feudal Age
17:03 Castle Age
14:52 Double-Bit Axe
14:50 Horse Collar
15:24 Stone Mining
17:54 Scale Barding Armor
18:05 Bow Saw
18:19 Heavy Plow
21:30 Squires
34:46 Forging
35:27 Pikeman
51:57 Imperial Age
Shadov
0:37 Loom
12:50 Feudal Age
18:04 Castle Age
16:05 Double-Bit Axe
17:39 Stone Mining
17:40 Gold Mining
17:33 Horse Collar
18:44 Wheelbarrow
18:18 Town Watch
22:14 Treadmill Crane
25:17 Gold Shaft Mining
29:28 Caravan
31:58 Thumb Ring
33:07 Hand Cart
35:19 Town Patrol
37:52 Imperial Age
39:42 Chemistry
39:03 Ballistics
38:54 Masonry
38:50 Siege Engineers
38:41 Murder Holes
38:56 Fortified Wall
38:37 Guard Tower
38:33 Arrowslits
39:02 Forging
38:53 Scale Mail Armor
38:58 Scale Barding Armor
38:43 Fletching
40:57 Conscription
41:57 Bow Saw
42:50 Kataparuto
43:37 Elite Samurai
44:59 Elite Skirmisher
Connection lost

Rejoining the realm…

Still unreachable

The connection could not be restored.

Session expired

The server has moved on; the page needs a fresh start.